 Dungeon Crawl Stone Soup version 0.29.0-5-ge4962eb29e (webtiles) character file.

Game seed: 8431005844229804338

889 themarg the Caller (level 8, -4/56 HPs)
             Began as a Merfolk Summoner on Aug 29, 2022.
             Killed from afar by a steam dragon (9 damage)
             ... with a ball of steam
             ... on level 6 of the Dungeon on Aug 30, 2022.
             The game lasted 00:27:41 (5867 turns).

themarg the Caller (Merfolk Summoner)               Turns: 5867, Time: 00:27:41

Health: -4/56      AC:  5    Str:  8    XL:     8   Next: 6%
Magic:  3/14       EV: 14    Int: 17    God:
Gold:   150        SH:  0    Dex: 14    Spells: 8/15 levels left

rFire   . . .      SeeInvis +   i - +0 spear
rCold   . . .      Faith    .   (no shield)
rNeg    + . .      Spirit   .   t - +1 robe {rN+}
rPois   .          Reflect  .   a - +1 helmet
rElec   .          Harm     .   (no cloak)
rCorr   .          Rampage  .   (no gloves)
Will    .....                   (no boots)
Stlth   +++.......              o - amulet of the acrobat
HPRegen 0.18/turn               j - ring of see invisible
MPRegen 0.14/turn               (no ring)

@: no status effects
A: (nimble swimmer 2), mertail
a: no special abilities


You were on level 6 of the Dungeon.
You visited 1 branch of the dungeon, and saw 6 of its levels.

You collected 227 gold pieces.
You spent 77 gold pieces at shops.

Inventory:

Hand Weapons
 c - a +2 short sword of venom
 i - a +0 spear (weapon)
 s - a +3 mace of draining
Missiles
 m - 16 poisoned darts
Armour
 a - a +1 helmet (worn)
 t - a +1 robe of positive energy (worn)
Jewellery
 j - a ring of see invisible (left hand)
 o - an amulet of the acrobat (around neck)
Scrolls
 d - 3 scrolls of magic mapping
 f - a scroll of vulnerability
 g - a scroll of amnesia {unknown}
 n - a scroll of summoning {unknown}
 p - 4 scrolls of poison {unknown}
 r - a scroll of teleportation
 u - a scroll of enchant armour {unknown}
 w - a scroll of fear {unknown}
 y - 2 scrolls of identify
Potions
 b - a potion of magic
 e - a potion of cancellation
 h - a potion of might {unknown}
 k - 2 potions of ambrosia {unknown}
 l - a potion of haste {unknown}
 q - a potion of degeneration {unknown}
 v - a potion of invisibility {unknown}
 x - a potion of flight {unknown}
 A - a potion of attraction {unknown}
 B - a potion of mutation {unknown}


   Skills:
 + Level 2.2 Fighting
 * Level 4.0 Polearms
 + Level 5.0 Dodging
 + Level 4.3 Stealth
 + Level 4.3 Spellcasting
 + Level 6.0 Summonings
 + Level 1.0 Air Magic


You had 8 spell levels left.
You knew the following spells:

 Your Spells              Type           Power      Damage    Failure   Level
a - Summon Small Mammal   Summ           96%        N/A       1%          1
b - Call Canine Familiar  Summ           24%        N/A       3%          3
c - Summon Guardian Gole  Hex/Summ       13%        N/A       13%         3

Your spell library contained the following spells:

 Spells                   Type           Power      Damage    Failure   Level
 Call Imp                 Summ           24%        N/A       1%          2
 Foxfire                  Conj/Fire      12%        2x1d4     16%         1
 Summon Lightning Spire   Summ/Air       15%        N/A       34%         4
 Conjure Flame            Conj/Fire      3%         6-21      41%         3
 Inner Flame              Hex/Fire       3%         N/A       41%         3
 Flame Wave               Conj/Fire      3%         2d5       83%         4
 Hailstorm                Conj/Ice       3%         3d3       83%         4
 Ice Form                 Ice/Tmut       3%         N/A       83%         4
 Simulacrum               Ice/Necr       1%         N/A       100%        6


Dungeon Overview and Level Annotations

Branches:
Dungeon (6/15)
 Temple: D:4-7

Altars:
Ashenzari
Fedhas
Gozag
Hepliaklqana
Makhleb
Vehumet
Zin

Shops:
D:4 [


Innate Abilities, Weirdness & Mutations

((You are very nimble when in or above water. (Stealth+, EV+, Speed+++)))
Your lower body shifts to a powerful aquatic tail in water.


Message History

The steam dragon bites your hound. The steam dragon claws your hound.
You catch the helpless steam dragon completely off-guard!
You hit the steam dragon.
The steam dragon is severely wounded.
Your hound is engulfed in a cloud of scalding steam.
Your hound dies!
Your hound's corpse disappears in a puff of smoke!
The steam dragon closely misses you. x2
Casting: Summon Guardian Golem (dangerous; 13% risk of failure)
Confirm with . or Enter, or press ? or * to list all spells.
The steam dragon completely misses you. The steam dragon closely misses you.
You barely miss the steam dragon.
The steam dragon is severely wounded.
You hit the steam dragon but do no damage.
The steam dragon is severely wounded.
The steam dragon misses you. x2
Your hound bites the steam dragon but does no damage.
You completely miss the steam dragon.
The steam dragon is severely wounded.
Your hound bites the steam dragon.
The steam dragon bites your hound.
The steam dragon barely misses your hound.
Your hound bites the steam dragon but does no damage.
You barely miss the steam dragon.
The steam dragon is almost dead.
The steam dragon closely misses you. The steam dragon claws you.
Your hound closely misses the steam dragon.
You hit the steam dragon but do no damage.
The steam dragon is almost dead.
Your hound bites the steam dragon but does no damage.
The steam dragon breathes steam at you. The ball of steam hits you!!
* * * LOW HITPOINT WARNING * * *
Your guardian golem disappears in a puff of smoke!
Your hound bites the steam dragon but does no damage.
You hit the steam dragon but do no damage.
The steam dragon is almost dead.
Your hound barely misses the steam dragon.
The steam dragon breathes steam at you. The ball of steam hits you!
You die...

#.......?....
...........~.
###............
###.#............
#................
................#
................#.
.!.!....<.........
.##...@D§........
#§§§§.h.......
#.....§...#### .
###...#....#
#....##.### .
#..###...#####.. .
...# ##...#...). #
...# ##.....$.. .
...# ##......##. .


You could see a steam dragon (catching breath, ally target) and a friendly hound
(summoned).

Vanquished Creatures
  An orc wizard (D:4)
  2 adders
  An ufetubus (D:4)
  2 dart slugs (D:1)
  3 orcs
  A ball python (D:1)
  4 bats (D:1)
  An endoplasm (D:3)
  2 goblins
  4 hobgoblins
  4 quokkas
  A frilled lizard (D:1)
  2 kobolds
  2 rats
30 creatures vanquished.

Vanquished Creatures (collateral kills)
  Sigmund (D:2)
  An ice beast (D:4)
  A bullfrog (D:6)
  A necrophage (D:5)
  A scorpion (D:5)
  A howler monkey (D:5)
  An orc priest (D:3)
  A jelly (D:5)
  Terence (D:3)
  4 orc wizards
  Robin (D:2)
  4 adders
  2 worms
  2 dart slugs
  8 orcs
  3 endoplasms (D:4)
  2 giant cockroaches (D:3)
  11 goblins
  8 hobgoblins
  3 kobolds
  A quokka (D:4)
  3 ball pythons
  6 bats
  4 rats
71 creatures vanquished.

Vanquished Creatures (others)
  A hound (D:6)
  A ball python (D:2)
2 creatures vanquished.

Grand Total: 103 creatures vanquished

Notes
Turn   | Place    | Note
-------+----------+-------------------------------------------
     0 | D:1      | themarg the Merfolk Summoner began the quest for the Orb.
     0 | D:1      | Reached XP level 1. HP: 13/13 MP: 3/3
   276 | D:1      | Reached XP level 2. HP: 19/19 MP: 3/5
   598 | D:1      | Found a faded altar of an unknown god.
   610 | D:1      | Reached XP level 3. HP: 24/24 MP: 3/6
   741 | D:1      | Learned a level 3 spell: Call Canine Familiar
  1440 | D:2      | Reached XP level 4. HP: 24/30 MP: 2/8
  1443 | D:2      | Noticed Robin
  1452 | D:2      | Killed Robin
  1765 | D:2      | Noticed Sigmund
  1778 | D:2      | Killed Sigmund
  1779 | D:2      | Reached skill level 5 in Summonings
  1779 | D:2      | Reached XP level 5. HP: 32/35 MP: 4/10
  1779 | D:2      | Reached XP level 6. HP: 37/41 MP: 4/11
  2302 | D:3      | Noticed Terence
  2316 | D:3      | Found a blossoming altar of Fedhas.
  2431 | D:3      | Killed Terence
  2929 | D:3      | Found a hazy altar of Hepliaklqana.
  2933 | D:3      | Found an opulent altar of Gozag.
  3421 | D:4      | Found Wengifre's Antique Armour Shoppe.
  3425 | D:4      | Bought an embroidered robe for 77 gold pieces
  3642 | D:4      | Noticed an ice beast
  3678 | D:4      | Killed an ice beast
  3679 | D:4      | Reached skill level 1 in Fighting
  3679 | D:4      | Reached XP level 7. HP: 16/48 MP: 4/12
  4454 | D:4      | Found a broken altar of Ashenzari.
  4660 | D:5      | Entered Level 5 of the Dungeon
  4716 | D:5      | Found a burning altar of Makhleb.
  4771 | D:5      | Found a glowing silver altar of Zin.
  4771 | D:5      | Noticed an angel
  4771 | D:5      | Noticed a green death
  5316 | D:5      | Found a radiant altar of Vehumet.
  5707 | D:5      | Learned a level 3 spell: Summon Guardian Golem
  5729 | D:6      | Noticed a steam dragon
  5823 | D:6      | Reached skill level 6 in Summonings
  5823 | D:6      | Reached XP level 8. HP: 26/56 MP: 6/14
  5828 | D:6      | Reached skill level 5 in Dodging
  5828 | D:6      | Reached skill level 1 in Air Magic
  5867 | D:6      | Killed from afar by a steam dragon

Illustrated notes

Levels and vault maps discovered:
D:1:      psy_arrival_terrarium, layout_loops_cross,
          nicolae_ecumenical_snake_handling
D:2:      layout_basic, uniq_robin, uniq_sigmund
D:3:      layout_basic, fedhas_altar_2, gammafunk_temple_overflow_statue,
          uniq_terence
D:4:      layout_basic, nicolae_ashenzari_skybound, serial_shops, shop,
          minmay_increasing_density
D:5:      layout_loops_ring, grunt_temple_overflow_order_and_chaos_2,
          nicolae_vehumet_radiance
D:6:      layout_cave_pools, serial_rivers, chequers_serial_rivers_micro_c,
          chequers_serial_rivers_large_b, chequers_serial_rivers_room_b,
          chequers_serial_rivers_room_a, chequers_serial_rivers_micro_c,
          chequers_serial_rivers_small_b

Skill      XL: |  1  2  3  4  5  6  7  8 |
---------------+-------------------------+-----
Dodging        | 3 4 5 |  5.0
Polearms       | 2 3 4 |  4.0
Stealth        | 3 4 |  4.3
Spellcasting   | 3 4 |  4.3
Summonings     | 5 6 |  6.0
Fighting       | 1 2 |  2.2
Air Magic      | 1 |  1.0

Action                   |  1- 3 |  4- 6 |  7- 9 || total
-------------------------+-------+-------+-------++-------
Melee: Club              |     6 |       |       ||     6
       Dagger            |     8 |       |       ||     8
       Unarmed           |     2 |       |       ||     2
       Punch             |     2 |     1 |       ||     3
       Short sword       |    13 |       |       ||    13
       Spear             |    19 |   125 |    92 ||   236
 Cast: Summon Small Mamm |    35 |    18 |     1 ||    54
       Call Canine Famil |     3 |    25 |    16 ||    44
       Summon Guardian G |       |       |     2 ||     2
  Use: Scroll            |       |     5 |     1 ||     6
       Potion            |       |     3 |     2 ||     5
 Stab: Sleeping          |       |     2 |     1 ||     3
       Distracted        |       |       |     2 ||     2
Armor: Robe              |    15 |    10 |    14 ||    39
Dodge: Dodged            |    29 |    73 |    57 ||   159
